Map: Prion Terraces

Players

Kaldi

  • Race: Zerg Zerg
  • League: Master

turboD - Winner!

  • Race: Protoss Protoss
  • League: Master

VOD

Have the link to the VOD?

Description

Time

  • Played on: March 13, 2016, 8:48 a.m.
  • Length: 10:24
Show
View Real Time Build Order
Export as new Build Order

Kaldi Zerg 

Build Orders: Pool First 

Get SALT Encoding   

  12  0:01  Drone  
  13  0:22  Spawning Pool  
  13  0:26  Drone  
  13  0:33  Overlord  
  13  0:38  Drone  
  14  0:47  Extractor, Drone  
  15  1:09  Zergling x4  
  15  1:11  Zergling x2  
  18  1:23  Queen  
  18  1:24  Zergling x2  
  21  1:32  Drone  
  22  1:52  Hatchery  
  21  1:58  Drone  
  21  2:10  Overlord  
  21  2:28  Drone  
  21  2:29  Drone x2  
  22  2:32  Queen  
  24  2:41  Drone x3  
  27  2:52  Hatchery  
  27  2:55  Drone  
  27  3:03  Overlord  
  27  3:19  Drone x5  
  32  3:22  Drone  
  33  3:30  Drone x3  
  36  3:36  Extractor  
  36  3:37  Queen  
  36  3:38  Extractor  
  36  3:40  Drone  
  37  3:43  Drone  
  38  3:50  Drone x4  
  42  3:59  Overlord  
  42  4:03  Drone  
  43  4:10  Roach Warren  
  43  4:12  Extractor, Drone x3  
  43  4:14  Drone  
  45  4:18  Drone  
  45  4:19  Drone x3  
  45  4:23  Drone  
  45  4:24  Drone x2  
  51  4:33  Metabolic Boost  
  51  4:35  Drone x3  
  54  4:38  Drone  
  54  4:39  Drone  
  56  4:46  Overlord  
  56  4:47  Overlord x2  
  56  4:59  Zergling x2  
  57  5:11  Drone x3  
  57  5:14  Overlord x2  
  60  5:16  Extractor, Zergling x18  
  60  5:18  Queen  
  68  5:26  Roach x2  
  72  5:29  Roach  
  72  5:33  Roach x2  
  72  5:35  Spine Crawler  
  77  5:39  Lair  
  77  5:41  Roach x2  
  77  5:42  Evolution Chamber  
  80  5:50  Spore Crawler  
  79  5:58  Spore Crawler  
  79  5:59  Drone  
  79  6:01  Roach x6  
  89  6:10  Overlord x2  
  89  6:12  Zerg Missile Weapons Level 1  
  89  6:28  Hatchery, Overlord x2  
  89  6:30  Roach x8  
  104  6:37  Glial Reconstitution  
  104  6:38  Hatchery  
  103  6:48  Roach x9  
  121  7:01  Roach x3  
  113  7:09  Zergling x2  
  113  7:10  Zergling x14  
  121  7:18  Overlord  
  121  7:19  Overlord  
  121  7:23  Queen, Overlord  
  121  7:29  Zergling x6  
  104  7:35  Zergling x6  
  99  7:45  Roach x10  
  121  7:51  Roach  
  121  7:54  Roach x4  
  126  7:58  Roach x2  
  126  8:02  Roach  
  119  8:06  Roach  
  121  8:15  Roach x6  
  119  8:26  Roach x6  
  119  8:27  Roach  
  125  8:28  Zergling x4  
  125  8:33  Zergling x6  
  125  8:34  Zergling x2  
  117  8:39  Roach x2  
  117  8:40  Roach  
  123  8:44  Zergling x4  
  123  8:45  Zergling x2  
  126  8:49  Zergling x2  
  126  8:52  Overseer  
  126  8:55  Roach x3  
  127  9:01  Roach  
  109  9:04  Roach x2  
  109  9:09  Roach x6  
  104  9:10  Roach  
  104  9:11  Zergling x2  
  104  9:12  Zergling x6  
  99  9:20  Roach x3  
  107  9:27  Zergling x8  
  97  9:33  Roach x3  
  97  9:41  Roach x3  
  97  9:42  Roach x2  
  101  9:46  Zergling x4  
  101  9:52  Roach x2  
  89  10:00  Roach x2  
Show
View Real Time Build Order
Export as new Build Order

turboD Protoss - Winner!

Build Orders: Forge Fast Expand (FFE) 

Get SALT Encoding   

  12  0:01  Probe (Chrono Boost)  
  13  0:11  Probe (Chrono Boost)  
  14  0:18  Pylon  
  14  0:22  Probe (Chrono Boost)  
  15  0:36  Probe (Chrono Boost)  
  16  0:43  Forge  
  16  0:47  Probe (Chrono Boost)  
  17  0:51  Pylon  
  17  1:25  Nexus  
  17  1:31  Photon Cannon  
  17  1:44  Gateway  
  17  1:45  Probe (Chrono Boost)  
  18  1:54  Pylon  
  18  2:04  Pylon  
  18  2:07  Probe (Chrono Boost)  
  18  2:29  Probe (Chrono Boost)  
  18  2:33  Assimilator  
  18  2:37  Assimilator  
  18  2:38  Probe (Chrono Boost)  
  18  2:40  Probe (Chrono Boost), Zealot  
  22  2:45  Cybernetics Core  
  22  2:48  Probe (Chrono Boost)  
  22  2:50  Probe (Chrono Boost)  
  24  2:59  Probe (Chrono Boost)  
  24  3:01  Pylon  
  24  3:02  Probe (Chrono Boost)  
  26  3:08  Pylon  
  26  3:10  Probe (Chrono Boost)  
  27  3:16  Probe (Chrono Boost)  
  28  3:20  Probe (Chrono Boost)  
  28  3:21  Warp Gate (Chrono Boost)  
  28  3:23  Zealot  
  32  3:27  Probe (Chrono Boost)  
  32  3:31  Probe (Chrono Boost)  
  32  3:34  Pylon  
  33  3:39  Mothership Core  
  35  3:50  Zealot  
  37  3:58  Gateway  
  37  3:59  Gateway  
  37  4:01  Gateway  
  37  4:08  Probe  
  37  4:10  Probe  
  37  4:15  Twilight Council  
  37  4:16  Protoss Ground Weapons Level 1 (Chrono Boost)  
  39  4:19  Probe  
  40  4:25  Probe  
  40  4:27  Assimilator  
  40  4:29  Probe, Assimilator  
  42  4:35  Stalker  
  44  4:40  Probe x2  
  44  4:41  Pylon  
  46  4:48  Stalker  
  48  4:56  Blink (Chrono Boost)  
  48  5:01  Probe  
  48  5:03  Probe  
  50  5:32  Gateway  
  50  5:33  Gateway  
  50  5:35  Stalker x3, Gateway  
  54  5:36  Stalker, Gateway  
  58  5:49  Probe  
  58  5:51  Probe  
  58  5:53  Protoss Ground Weapons Level 2 (Chrono Boost)  
  60  5:59  Probe  
  60  6:00  Pylon  
  61  6:04  Zealot x2  
  61  6:05  Stalker x2  
  69  6:13  Pylon  
  69  6:26  Stalker x3  
  69  6:28  Pylon  
  69  6:30  Stalker  
  77  6:36  Stalker  
  77  6:37  Stalker  
  81  6:42  Pylon  
  81  6:47  Stalker x2  
  79  7:07  Stalker x5  
  85  7:12  Stalker x2  
  79  7:32  Stalker x4  
  81  7:42  Stalker x3  
  81  8:03  Stalker x3  
  81  8:04  Stalker x2  
  88  8:20  Stalker x3  
  88  8:35  Zealot x2  
  88  8:36  Zealot x3  
  98  8:43  Stalker x2  
  84  9:08  Stalker x3  
  74  9:20  Stalker x5  
  84  9:32  Stalker x3  
  90  9:47  Stalker x4  
  98  9:59  Stalker  
  98  10:00  Stalker  
  98  10:19  Stalker x4  
Tags
 
Add a new tag
Caveats
  • Supply blocks, unpowered buildings, or Contaminate may cause inaccurate times.
  • Supply counts are checked every 10 seconds.